 Dungeon Crawl Stone Soup version 0.23-a0-405-g368ce00 (webtiles) character file.

1484 BurningArk the Fighter (level 8, -15/74 HPs)
             Began as a Green Draconian Berserker on Nov 7, 2018.
             Was an Elder of Trog.
             Demolished by an orc warrior
             ... wielding a +0 battleaxe
              (19 damage)
             ... on level 8 of the Dungeon on Feb 12, 2019.
             The game lasted 00:45:12 (5577 turns).

BurningArk the Fighter (Green Draconian Berserker)  Turns: 5577, Time: 00:45:12

Health: -15/74     AC:  5    Str: 21    XL:     8   Next: 50%
Magic:  8/8        EV: 14    Int:  7    God:    Trog [****..]
Gold:   304        SH:  0    Dex: 12    Spells: 7/7 levels left

rFire    . . .     SeeInvis .   f - +2 mace (holy)
rCold    . . .     Gourm    .   (no shield)
rNeg     . . .     Faith    +   (armour unavailable)
rPois    +         Spirit   .   (helmet restricted)
rElec    .         Reflect  .   l - +0 cloak
rCorr    .         Harm     .   v - +1 pair of gloves
MR       .....                  (no boots)
Stlth    +.........             u - amulet of faith
HPRegen  0.22/turn              (no ring)
MPRegen  0.11/turn              (no ring)

@: corroded
A: breathe noxious fumes, unfitting armour, poison resistance, cold-blooded, AC
+6
a: Breathe Noxious Fumes, Berserk, Trog's Hand, Brothers in Arms, Renounce
Religion


You were on level 8 of the Dungeon.
You worshipped Trog.
Trog was greatly pleased with you.
You were not hungry.

You visited 1 branch of the dungeon, and saw 9 of its levels.

You collected 304 gold pieces.

Inventory:

Hand Weapons
 a - a +1 hand axe
 f - a +2 mace of holy wrath (weapon)
Armour
 l - a +0 cloak (worn)
 v - a +1 pair of gloves (worn)
Jewellery
 u - an amulet of faith (around neck)
Wands
 j - a wand of random effects (22)
 q - a wand of acid (5)
 s - a wand of digging (5)
Scrolls
 d - 6 scrolls of identify
 e - 2 scrolls of magic mapping
 m - a scroll of fog
 p - a scroll of teleportation
 r - 3 scrolls of remove curse
 w - a scroll of immolation
Potions
 c - a potion of berserk rage
 g - a potion of heal wounds
 h - a potion of curing
 i - a potion of mutation {unknown}
 k - a potion of might
 n - 3 potions of agility
Comestibles
 b - 5 rations


   Skills:
 * Level 8.0 Fighting
 + Level 7.3 Axes
 * Level 0.1(4.4) Maces & Flails
 + Level 5.1 Dodging


You had 7 spell levels left.
You didn't know any spells.
Your spell library was empty.

Dungeon Overview and Level Annotations

Branches:
Dungeon (9/15)             Temple (0/1) D:5
   Lair: D:8-11         Orc: D:9-12

Altars:
Ashenzari
Dithmenos
Nemelex Xobeh
Okawaru
Uskayaw
Zin


Innate Abilities, Weirdness & Mutations

You can breathe blasts of noxious fumes.
Your lurid green scales are hard. (AC +6)
You cannot fit into any form of body armour.
Your system is resistant to poisons. (rPois)
You are cold-blooded and may be slowed by cold attacks.


Message History

The orc shouts!
You hit the orc but do no damage. The orc barely misses you.
You barely miss the orc. The orc barely misses you.
An orc warrior comes into view.
It is wielding a +0 battleaxe and carrying a You sock the orc!
The orc hits you but does no damage.
You hit the orc.
You kill the orc!
Trog accepts your kill.
The orc warrior zaps a wand.
The bolt of acid hits you! The acid corrodes you!
You are splashed with acid!
The acid burns!
You barely miss the orc warrior.
The orc warrior hits you with a +0 battleaxe!
You barely miss the orc warrior.
The orc warrior zaps a wand.
The bolt of acid hits you!
* * * LOW HITPOINT WARNING * * *
You are splashed with acid!
The acid burns!
* * * LOW HITPOINT WARNING * * *
You barely miss the orc warrior.
The orc warrior hits you with a +0 battleaxe!!
You die...

.. ..# ... ..
..#.... #. #.#.. .
#. #... .. #. ##.#
.# #.###..# ..#
#......# ..
##.##..####.####.
#.##....@o...... #
####.##.....#######
. ..##.######## ..
#.##.# ## #.##.#
#.##.# ####>##.#
#.......# #.##.####


You could see an orc warrior.

Vanquished Creatures
  A sky beast (D:6)
  2 orc warriors
  2 phantoms (D:4)
  A centaur (D:8)
  2 bullfrogs (D:8)
  A crimson imp (D:5)
  A bullfrog zombie (D:5)
  A centaur zombie (D:3)
  A jelly (D:5)
  2 orc priests
  Crazy Yiuf (D:3)
  A bullfrog skeleton (D:4)
  3 iguanas
  Ijyb (D:5)
  4 orc wizards
  A worker ant (D:5)
  2 hound zombies
  3 hound skeletons
  A howler monkey zombie (D:3)
  2 worker ant zombies (D:3)
  6 adders
  4 gnolls (D:2)
  A howler monkey skeleton (D:8)
  2 oozes
  5 adder skeletons
  An adder zombie (D:8)
  2 worms
  3 dart slugs
  2 leopard geckos (D:4)
  20 orcs
  2 ball pythons
  2 giant cockroaches
  4 hobgoblins
  3 jackals (D:4)
  A ball python skeleton (D:3)
  4 bats
  10 frilled lizards
  A giant cockroach zombie (D:5)
  7 goblins
  A jackal zombie (D:3)
  4 kobolds
  3 leopard gecko skeletons
  2 leopard gecko zombies (D:3)
  9 rats
132 creatures vanquished.

Notes
Turn   | Place    | Note
-------+----------+-------------------------------------------
     0 | D:1      | BurningArk the Draconian Berserker began the quest for the
                  | Orb.
     0 | D:1      | Reached XP level 1. HP: 19/19 MP: 1/1
   811 | D:1      | Reached XP level 2. HP: 22/26 MP: 2/2
   935 | D:2      | Reached XP level 3. HP: 26/33 MP: 3/3
  1220 | D:2      | Found a shattered altar of Ashenzari.
  1268 | D:2      | Reached ** piety under Trog
  1337 | D:2      | Reached skill level 4 in Fighting
  1609 | D:2      | Reached XP level 4. HP: 40/40 MP: 4/4
  1958 | D:3      | Reached XP level 5. HP: 44/47 MP: 5/5
  2171 | D:3      | Found a runed door.
  2175 | D:3      | Noticed Crazy Yiuf
  2181 | D:3      | Killed Crazy Yiuf
  2181 | D:3      | Reached *** piety under Trog
  2181 | D:3      | Reached skill level 5 in Fighting
  2450 | D:3      | Reached XP level 6. HP: 25/56 MP: 6/6
  2965 | D:4      | Reached skill level 5 in Axes
  2979 | D:4      | Noticed a hand axe
  2979 | D:4      | Noticed a hand axe
  2980 | D:4      | Found a hide-covered altar of Uskayaw.
  3067 | D:4      | Reached skill level 6 in Fighting
  3067 | D:4      | Your scales start taking on a lurid green colour.
  3067 | D:4      | Reached XP level 7. HP: 57/63 MP: 7/7
  3067 | D:4      | Gained mutation: Your system is resistant to poisons.
                  | (rPois) [Green Draconian growth]
  3277 | D:4      | Found an iron altar of Okawaru.
  3279 | D:4      | Found a glowing silver altar of Zin.
  3358 | D:4      | Reached **** piety under Trog
  3500 | D:5      | Entered Level 5 of the Dungeon
  3500 | D:5      | Found a sparkling altar of Nemelex Xobeh.
  3728 | D:5      | Noticed Ijyb
  3746 | D:5      | Killed Ijyb
  3885 | D:5      | Found a staircase to the Ecumenical Temple.
  3987 | D:5      | Found a shadowy altar of Dithmenos.
  4512 | D:6      | Reached skill level 7 in Fighting
  4575 | D:6      | Reached XP level 8. HP: 58/73 MP: 8/8
  4973 | D:6      | You fall through a shaft for 3 floors!
  5111 | D:8      | Reached skill level 5 in Dodging
  5218 | D:8      | Reached skill level 8 in Fighting
  5577 | D:8      | Demolished by an orc warrior

Vault maps used:
D:1:      dpeg_arrival_castle
D:2:      ashenzari_conservatory_becter, first_ration
D:3:      serial_undead, serial_undead_f, serial_undead_b, serial_undead_b,
          serial_undead_c, serial_undead_a, serial_undead_a, serial_undead_c,
          serial_undead_a, uniq_crazy_yiuf_cottage
D:4:      nicolae_overflow_hidden_temple, dancing_weapons_uskayaw
D:5:      nemelex_xobeh_ov_fountains_minmay, overflow_temple_1_default,
          minmay_temple_entry_grid, uniq_ijyb
D:7:      gammafunk_wand_slinger, the_bakery, uniq_duvessa, uniq_joseph
D:8:      old_standard_altar
D:9:      grunt_temple_overflow_diamond, lemuel_crystal_altar,
          nicolae_ru_great_annihilating_truth, nicolae_tso_carved_into_rock

Skill      XL: |  1  2  3  4  5  6  7  8 |
---------------+-------------------------+-----
Dodging        | 3 4 5 |  5.1
Fighting       | 4 5 6 7 8 |  8.0
Axes           | 4 5 6 7 |  7.3
Maces & Flails | |  0.1

Action                   |  1- 3 |  4- 6 |  7- 9 || total
-------------------------+-------+-------+-------++-------
Melee: Hand axe          |   104 |   177 |   219 ||   500
       Tailslap          |     6 |    28 |    41 ||    75
       Mace              |       |       |     9 ||     9
Invok: Berserk           |     1 |     3 |     4 ||     8
 Abil: Breathe Noxious F |       |       |     1 ||     1
  Use: Scroll            |     3 |     3 |     4 ||    10
       Potion            |     3 |       |     4 ||     7
  Eat: Chunk             |     2 |     5 |     9 ||    16
       Ration            |       |     1 |     1 ||     2
Armor: Skin              |    19 |    67 |    70 ||   156
Dodge: Dodged            |    73 |   102 |   129 ||   304

Table legend:
 A = Non-vault XP
 B = Vault XP
 C = Vault XP percentage of total XP
 D = Non-vault monster count
 E = Vault monster count
 F = Vault count percentage of total count
                 A         B        C        D         E       F
            +---------+---------+-------+---------+---------+-------
      Total |    1865 |     255 |  12.0 |     114 |      18 |  13.6
            +---------+---------+-------+---------+---------+-------
        D:1 |      21 |       0 |   0.0 |      16 |       0 |   0.0
        D:2 |     138 |       0 |   0.0 |      28 |       0 |   0.0
        D:3 |      67 |     219 |  76.6 |      14 |      17 |  54.8
        D:4 |     399 |       0 |   0.0 |      20 |       0 |   0.0
        D:5 |     281 |      36 |  11.4 |      14 |       1 |   6.7
        D:6 |     352 |       0 |   0.0 |       9 |       0 |   0.0
        D:8 |     607 |       0 |   0.0 |      13 |       0 |   0.0
            +---------+---------+-------+---------+---------+-------
